 Dungeon Crawl Stone Soup version 0.30-a0-475-g03497ec522 (webtiles) character file.

Game seed: 17643210318374669155

87787 Adrian566 the Severer (level 15, -7/97 HPs)
             Began as a Gargoyle Fighter on Dec 20, 2022.
             Was a High Priest of Jiyva.
             Mangled by a +2 trident of venom (11 damage)
             ... on level 2 of the Elven Halls.
             The game lasted 00:34:14 (24424 turns).

Adrian566 the Severer (Gargoyle Fighter)           Turns: 24424, Time: 00:34:14

Health: -7/97      AC: 32    Str: 40    XL:     15   Next: 91%
Magic:  6/6        EV:  9    Int: 10    God:    Jiyva [*****.]
Gold:   248        SH: 17    Dex: 15    Spells: 14/14 levels left

rFire   . . .      SeeInvis .    S - +5 broad axe (antimagic)
rCold   . . .      Faith    .    N - +0 kite shield
rNeg    + . .      Spirit   .    f - +1 plate armour
rPois   ∞          Reflect  +    (helmet unavailable)
rElec   +          Harm     .    y - +0 cloak
rCorr   +          Rampage  .    l - +0 pair of gloves
Will    +....                    D - +0 pair of boots
Stlth   ..........               L - amulet of Kuwiz {Reflect +Blink Str+8 SH+5}
HPRegen 1.80/turn                v - +6 ring of strength
MPRegen 0.55/turn                Q - +6 ring of dexterity

@: flying
A: sickness immunity, AC +11, big wings, negative energy resistance 1,
electricity resistance, torment resistance 1, petrification resistance, horns 3,
high MP 3, eyeballs 1, jelly absorbing missiles
a: Renounce Religion, Evoke Blink, Oozemancy, Slimify


You were on level 2 of the Elven Halls.
You worshipped Jiyva.
Jiyva was extremely pleased with you.
You visited 6 branches of the dungeon, and saw 27 of its levels.

You collected 1608 gold pieces.
You spent 1360 gold pieces at shops.

Inventory:

Hand Weapons
 p - a +3 war axe of flaming
 C - the +4 dagger "Morg" {pain, Will+ Int+5}
   (You found it on level 9 of the Dungeon)

   In the hands of one skilled in necromantic magic, it inflicts extra damage on
   living creatures.
   Int:       It affects your intelligence (+5).
   Will:      It increases your willpower.
 S - a +5 antimagic broad axe (weapon)
Missiles
 t - a throwing net
Armour
 f - a +1 plate armour (worn)
 k - a +0 hat
 l - a +0 pair of gloves (worn)
 y - a +0 cloak (worn)
 D - a +0 pair of boots (worn)
 N - a +0 kite shield (worn)
Jewellery
 a - a ring of magical power
 c - an amulet of magic regeneration
 n - a +6 ring of intelligence
 o - a ring of magical power
 u - an amulet of faith
 v - a +6 ring of strength (left hand)
 z - a ring of flight
 L - the amulet of Kuwiz (around neck) {Reflect +Blink Str+8 SH+5}
   (You bought it in a shop on level 2 of the Orcish Mines)

   [amulet of reflection]

   It reflects blocked missile attacks.
   Str:       It affects your strength (+8).
   +Blink:    It lets you blink.
   SH:        It affects your SH (+5).
 O - a +6 ring of dexterity
 Q - a +6 ring of dexterity (right hand)
 T - a +6 ring of intelligence
Wands
 i - a wand of mindburst (20)
 q - a wand of charming (13)
 A - a wand of polymorph (16)
 B - a wand of quicksilver (5) (quivered)
 P - a wand of roots (9)
 R - a wand of flame (14)
Scrolls
 d - 3 scrolls of noise
 e - 6 scrolls of amnesia
 g - 2 scrolls of poison
 w - 4 scrolls of vulnerability
 x - 2 scrolls of enchant armour
 I - a scroll of magic mapping
 J - a scroll of fear
 K - 11 scrolls of identify
 M - 2 scrolls of brand weapon
 U - a scroll of silence {unknown}
 V - 3 scrolls of teleportation
Potions
 b - 6 potions of brilliance
 h - a potion of might
 j - a potion of cancellation
 m - 3 potions of attraction
 r - 2 potions of lignification
 s - 7 potions of curing
 E - 2 potions of degeneration
 F - a potion of mutation
 G - 3 potions of resistance
 H - 2 potions of magic


   Skills:
 + Level 12.8 Fighting
 * Level 18.7(18.8) Axes
 - Level 2.3(13.5) Maces & Flails
 + Level 13.0 Armour
 + Level 2.3 Dodging
 + Level 3.2 Stealth
 + Level 10.8 Shields


You had 14 spell levels left.
You didn't know any spells.
Your spell library contained the following spells:

 Spells                   Type           Power      Damage    Failure   Level
 Beastly Appendage        Tmut           0%         N/A       97%         1
 Foxfire                  Conj/Fire      0%         2x1d4     97%         1
 Magic Dart               Conj           0%         1d3       97%         1
 Sandblast                Erth           0%         2d4       97%         1
 Summon Small Mammal      Summ           0%         N/A       97%         1
 Call Imp                 Summ           0%         N/A       99%         2
 Ensorcelled Hibernation  Hex/Ice        0%         N/A       99%         2
 Passwall                 Tmut/Erth      0%         N/A       99%         2
 Wereblood                Tmut           0%         N/A       99%         2
 Call Canine Familiar     Summ           0%         N/A       100%        3
 Mephitic Cloud           Conj/Pois/Air  0%         N/A       100%        3
 Spider Form              Tmut/Pois      0%         N/A       100%        3
 Stone Arrow              Conj/Erth      0%         3d7       100%        3
 Summon Guardian Golem    Hex/Summ       0%         N/A       100%        3
 Swiftness                Air            0%         N/A       100%        3
 Anguish                  Hex/Necr       0%         N/A       100%        4
 Animate Dead             Necr           0%         N/A       100%        4
 Petrify                  Tmut/Erth      0%         N/A       100%        4
 Alistair's Intoxication  Tmut/Pois      0%         N/A       100%        5
 Borgnjor's Vile Clutch   Necr/Erth      0%         N/A       100%        5
 Fireball                 Conj/Fire      0%         3d3       100%        5
 Irradiate                Conj/Tmut      0%         3d11      100%        5
 Metabolic Englaciation   Hex/Ice        0%         N/A       100%        5
 Death Channel            Necr           0%         N/A       100%        6
 Eringya's Noxious Bog    Tmut/Pois      0%         N/A       100%        6
 Starburst                Conj/Fire      0%         6d3       100%        6
 Enfeeble                 Hex            0%         N/A       100%        7
 Sublimation of Blood     Necr           Unusable   N/A       N/A         2
 Statue Form              Tmut/Erth      Unusable   N/A       N/A         6

Dungeon Overview and Level Annotations

Branches:
Dungeon (12/15)            Temple (1/1) D:6            Lair (5/5) D:9
  Swamp (0/4) Lair:2       Spider (0/4) Lair:3        Slime (5/5) Lair:5
    Orc (2/2) D:11            Elf (2/3) Orc:2

Altars:
Ashenzari
Cheibriados
Dithmenos
Elyvilon
Fedhas
Gozag
Hepliaklqana
Kikubaaqudgha
Makhleb
Nemelex Xobeh
Okawaru
Qazlal
Ru
Sif Muna
Trog
Uskayaw
Vehumet
Wu Jian
Xom
Yredelemnul
Zin
The Shining One
Jiyva

Shops:
D:4 (   Orc:2 *=[?*?=([   Elf:1 =

Annotations:
D:11 2 transporters, Adrian566's ghost, journeyman DsGl
Slime:5 Royal Jelly


Innate Abilities, Weirdness & Mutations

You are immune to sickness and miasma.
Your stone body is resilient. (AC +11)
You are immune to poison.
Your large and strong wings let you fly.
You resist negative energy. (rN+)
You are resistant to electric shocks. (rElec)
You are resistant to unholy torment.
You are immune to petrification.
You have a pair of large horns on your head.
You have a greatly increased reservoir of magic. (+30% MP)
Your body has grown eyes which may confuse attackers. (Acc +3)
You have a small jelly attached to you that may absorb projectiles.


Message History

The deep elf blademaster barely misses you.
The deep elf blademaster hits you with a +0 rapier!
* * * LOW HITPOINT WARNING * * *
You completely miss the deep elf blademaster.
The deep elf blademaster is severely wounded.
The deep elf knight blocks your attack.
You block the +2 trident of venom's attack.
The deep elf blademaster misses you.
The deep elf blademaster hits you with a +0 rapier.
* * * LOW HITPOINT WARNING * * *
The deep elf knight hits you but does no damage.
Okay, then.
As you read the scroll of fear, it crumbles to dust.
You assume a fearsome visage.
The +2 trident of venom is unaffected.
The deep elf blademaster looks frightened!
The deep elf knight resists with some effort.
The +2 trident of venom hits you but does no damage.
The deep elf knight casts a spell at you.
The shard of ice reflects off an invisible shield around you!
The deep elf knight blocks the shard of ice.
The +2 trident of venom misses you.
You closely miss the deep elf knight.
The deep elf knight is severely wounded.
The deep elf knight hits you with a +0 scimitar.
* * * LOW HITPOINT WARNING * * *
The +2 trident of venom barely misses you.
The deep elf knight hits you with a +0 scimitar.
* * * LOW HITPOINT WARNING * * *
You slash the deep elf knight!
You kill the deep elf knight!
The +2 trident of venom barely misses you.
The +2 trident of venom hits you from afar.
* * * LOW HITPOINT WARNING * * *
Things that are here:
a +0 scimitar; a +0 buckler; a +4 vorpal long sword The +2 trident of venom barely misses you.
The +2 trident of venom hits you from afar!
* * * LOW HITPOINT WARNING * * *
The +2 trident of venom hits you from afar!
You die...

#.....# #######.
#..)..# #.
#.....# ##
#.#.#.# #.....#
#.....# #.#.#.#
###########
#.....#
#......J...
##'@)##
###########
######...#### #
#....).(......# #
#..#...........#.
#
....#.........#..
#
.....#.......#...
. ....#.....#....
#
.......#...#.....
#
........###.....
#


You could see a +2 trident of venom.

Vanquished Creatures
  An orc warlord (Orc:2)
  A deep elf annihilator (Elf:1)
  3 hydras
  A catoblepas (Lair:1)
  An ice dragon (Lair:5)
  Erica (D:10)
  A boulder beetle (Orc:2)
  2 centaur warriors (D:8)
  2 two-headed ogres
  A death yak (Lair:1)
  Urug (Orc:2)
  An orc high priest (Orc:2)
  14 dancing weapons
  5 deep elf knights
  A fire crab (Lair:4)
  Amaemon (Lair:2)
  A skeletal warrior (D:9)
  The ghost of jlumianski the Chopper, a novice DsFi of Qazlal (D:7)
  6 deep elf archers
  A lindwurm (Lair:4)
  A bog body (Lair:2)
  13 deep elf zephyrmancers
  Pikel (D:7)
  2 orc knights (Orc:2)
  9 deep elf pyromancers
  4 orc sorcerers (Orc:2)
  An ugly thing (D:9)
  A cyclops (Orc:2)
  A manticore (D:11)
  16 elephants
  8 black mambas
  An ice statue (Lair:5)
  A gargoyle (D:11)
  12 cane toads
  An orange demon (Lair:2)
  2 efreet (D:11)
  7 komodo dragons
  A yaktaur (D:11)
  7 rime drakes
  9 polar bears
  A troll (shapeshifter) (D:11)
  8 hornets
  3 trolls
  12 blink frogs
  8 dream sheep (Lair:5)
  2 air elementals (Elf:1)
  3 water elementals
  13 spriggans (Lair:5)
  5 wyverns
  A wraith (D:9)
  A culicivora (Lair:3)
  36 yaks
  2 steam dragons
  3 fire elementals
  A vampire mosquito (D:8)
  5 basilisks
  The ghost of Dordric the Magician, an amateur DjCj of Uskayaw (D:4)
  3 wargs (Orc:2)
  19 water moccasins
  An acid dragon (D:11)
  Pargi (D:4)
  4 ice beasts
  A sky beast (D:8)
  30 orc warriors
  5 black bears
  29 wolves
  4 boggarts (Lair:5)
  3 ogres
  5 centaurs
  4 kobold brigands
  4 lemures
  3 phantoms
  A necrophage (D:7)
  9 bullfrogs
  An earth elemental (Elf:2)
  3 scorpions
  4 gnoll sergeants
  4 wights
  3 killer bees (D:9)
  4 howler monkeys
  2 electric eels
  2 lava snakes
  A centaur zombie (D:4)
  2 hounds (D:5)
  A bullfrog zombie (D:4)
  6 jellies
  Crazy Yiuf (D:3)
  17 orc priests
  A bullfrog skeleton (D:4)
  An iguana (D:6)
  19 orc wizards
  5 adders
  6 gnolls
  4 white imps
  2 ufetubi
  3 dart slugs
  67 orcs
  3 bats
  7 endoplasms
  6 goblins
  6 hobgoblins
  2 jackals (D:5)
  15 kobolds
  A quokka (D:1)
  4 ball pythons
  3 frilled lizards
581 creatures vanquished.

Vanquished Creatures (collateral kills)
  A deep elf pyromancer (Elf:2)
1 creature vanquished.

Vanquished Creatures (others)
  A dancing weapon (Elf:1)
  A deep elf knight (Elf:1)
  A deep elf archer (Elf:1)
  A deep elf pyromancer (Elf:1)
  A manticore (D:11)
  A slime creature (D:11)
  An orc warrior (Orc:2)
  29 jellies
  65 fungi
  54 plants
155 creatures vanquished.

Grand Total: 737 creatures vanquished

Notes
Turn   | Place    | Note
-------+----------+-------------------------------------------
     0 | D:1      | Adrian566 the Gargoyle Fighter began the quest for the Orb.
     0 | D:1      | Reached XP level 1. HP: 14/14 MP: 1/1
   636 | D:1      | Reached XP level 2. HP: 19/19 MP: 2/2
  1732 | D:2      | Reached XP level 3. HP: 20/24 MP: 3/3
  2072 | D:3      | Reached skill level 1 in Axes
  2072 | D:3      | Reached XP level 4. HP: 29/29 MP: 4/4
  2259 | D:3      | Found a shimmering altar of Xom.
  2451 | D:3      | Found a stormy altar of Qazlal.
  2557 | D:3      | Found a runed translucent door.
  2558 | D:3      | Noticed Crazy Yiuf
  2563 | D:3      | Killed Crazy Yiuf
  2564 | D:3      | Reached skill level 2 in Axes
  2564 | D:3      | Reached XP level 5. HP: 33/33 MP: 5/5
  2684 | D:4      | Noticed Pargi
  2695 | D:4      | Killed Pargi
  2696 | D:4      | Reached skill level 3 in Axes
  2696 | D:4      | Reached XP level 6. HP: 16/38 MP: 6/6
  2837 | D:4      | Found a glowing silver altar of Zin.
  2980 | D:4      | Found an iron altar of Okawaru.
  3126 | D:4      | Found a runed translucent gate.
  3126 | D:4      | Found a runed translucent gate.
  3126 | D:4      | Found a runed translucent gate.
  3145 | D:4      | Noticed Dordric's ghost (amateur DjCj)
  3214 | D:4      | Found a burning altar of Makhleb.
  3223 | D:4      | Found Qullum's Antique Weapon Emporium.
  3486 | D:4      | Found a shimmering blue altar of Sif Muna.
  3676 | D:4      | Reached skill level 4 in Axes
  3677 | D:4      | Killed Dordric's ghost
  3678 | D:4      | Reached XP level 7. HP: 37/43 MP: 7/7
  3683 | D:4      | Reached skill level 5 in Axes
  3712 | D:5      | Entered Level 5 of the Dungeon
  3924 | D:5      | Reached skill level 5 in Armour
  4016 | D:5      | Reached skill level 6 in Axes
  4133 | D:5      | Reached XP level 8. HP: 48/48 MP: 8/8
  4177 | D:5      | Found a sacrificial altar of Ru.
  4441 | D:5      | Found a faded altar of an unknown god.
  4443 | D:5      | Found a hazy altar of Hepliaklqana.
  4545 | D:6      | Reached skill level 7 in Axes
  4548 | D:6      | Found a white marble altar of Elyvilon.
  4642 | D:6      | Reached skill level 8 in Axes
  4645 | D:6      | Found a staircase to the Ecumenical Temple.
  4652 | Temple   | Entered the Ecumenical Temple
  4936 | D:6      | Noticed a two-headed ogre
  5234 | D:6      | Found a blossoming altar of Fedhas.
  5378 | D:6      | Reached skill level 5 in Fighting
  5378 | D:6      | Reached XP level 9. HP: 54/54 MP: 9/9
  5430 | D:6      | Killed a two-headed ogre
  5431 | D:6      | Reached skill level 9 in Axes
  5870 | D:7      | Noticed Pikel
  6301 | D:7      | Killed Pikel
  6302 | D:7      | Reached skill level 10 in Axes
  6318 | D:7      | Found a large runed translucent door.
  6319 | D:7      | Found a large runed translucent door.
  6321 | D:7      | Noticed jlumianski's ghost (novice DsFi)
  6334 | D:7      | Reached XP level 10. HP: 54/60 MP: 10/10
  6705 | D:7      | Killed jlumianski's ghost
  6706 | D:7      | Reached skill level 5 in Shields
  7022 | D:8      | Reached skill level 11 in Axes
  7398 | D:8      | Found an opulent altar of Gozag.
  7398 | D:8      | Found an ancient bone altar of Kikubaaqudgha.
  8256 | D:9      | Found the +4 dagger "Morg" {pain, Will+ Int+5}
  8257 | D:9      | Found a snail-covered altar of Cheibriados.
  8276 | D:9      | Gained mutation: Your spells are a little easier to cast,
                  | but a little less powerful. [potion of mutation]
  8276 | D:9      | Gained mutation: Your magical capacity is low. (-10% MP)
                  | [potion of mutation]
  8276 | D:9      | Gained mutation: Your large and strong wings let you fly.
                  | [potion of mutation]
  8496 | D:9      | Found a staircase to the Lair.
  8575 | D:9      | Noticed a cyan ugly thing
  8577 | D:9      | Noticed a deep elf pyromancer
  8579 | D:9      | Noticed a centaur warrior
  8580 | D:9      | Reached XP level 11. HP: 48/66 MP: 9/9
  8583 | D:9      | Noticed a centaur warrior
  8593 | D:9      | Killed a deep elf pyromancer
  8594 | D:9      | Reached skill level 12 in Axes
  8598 | D:9      | Killed a cyan ugly thing
  8599 | D:9      | Reached skill level 1 in Dodging
  8788 | D:8      | Killed a centaur warrior
  8791 | D:8      | Killed a centaur warrior
  8949 | D:9      | Identified the +8 shortbow of Youthful Indiscretion
                  | {vorpal, Int+4}
  8949 | D:9      | Noticed a skeletal warrior
  8985 | D:9      | Killed a skeletal warrior
  9188 | D:9      | Identified the +4 spear "Ulleisa" {freeze, Str+4}
  9332 | D:9      | Reached skill level 13 in Axes
  9603 | Lair:1   | Entered Level 1 of the Lair of Beasts
  9851 | Lair:1   | Noticed a catoblepas
  9887 | Lair:1   | Killed a catoblepas
 10455 | D:9      | Reached XP level 12. HP: 33/73 MP: 10/10
 10851 | Lair:1   | Reached skill level 14 in Axes
 11240 | Lair:1   | Reached skill level 10 in Armour
 11882 | Lair:2   | Identified the +6 mace "Zunoolugg" {vorpal, rC+}
 12177 | Lair:2   | Reached skill level 15 in Axes
 12179 | Lair:2   | Noticed a four-headed hydra
 12186 | Lair:2   | Killed a one-headed hydra
 12337 | Lair:2   | Reached XP level 13. HP: 80/80 MP: 11/11
 12338 | Lair:2   | Found a staircase to the Swamp.
 12701 | Lair:2   | Noticed Amaemon
 13308 | Lair:1   | Reached skill level 16 in Axes
 13632 | Lair:2   | Killed Amaemon
 14213 | Lair:3   | Reached skill level 1 in Stealth
 14802 | Lair:3   | Found a hole to the Spider Nest.
 15724 | Lair:4   | Reached skill level 10 in Fighting
 16399 | Lair:5   | Entered Level 5 of the Lair of Beasts
 16404 | Lair:5   | Noticed an ice dragon
 16702 | Lair:5   | Killed an ice dragon
 16968 | Lair:4   | Mutation became permanent: Your large and strong wings let
                  | you fly. [Gargoyle growth]
 16968 | Lair:4   | Gained mutation: Your large and strong wings let you fly.
                  | [Gargoyle growth]
 16968 | Lair:4   | Reached XP level 14. HP: 16/88 MP: 12/12
 18309 | Lair:5   | Reached skill level 17 in Axes
 18795 | Lair:5   | Found a runed translucent door.
 18797 | Lair:5   | Found a viscous altar of Jiyva.
 18803 | Lair:5   | Found a staircase to the Slime Pits.
 19288 | Lair:5   | Identified a scroll of acquirement
 19290 | Lair:5   | Acquired a +4 antimagic broad axe
 19333 | Lair:5   | Became a worshipper of Jiyva Jauwkadi the Shapeless
 19372 | Slime:1  | Entered Level 1 of the Pits of Slime
 19386 | Slime:1  | Noticed an acid blob
 19468 | Slime:2  | Noticed an azure jelly
 19611 | Slime:3  | Noticed an acid blob
 19612 | Slime:3  | Noticed a rockslime
 19620 | Slime:5  | Entered Level 5 of the Pits of Slime
 19622 | Slime:5  | Noticed a rockslime
 19629 | Slime:5  | Noticed an azure jelly
 19633 | Slime:5  | Noticed the Royal Jelly
 19640 | Slime:5  | Found a viscous altar of Jiyva.
 19641 | Slime:5  | Noticed an acid blob
 19642 | Slime:5  | Noticed an acid blob
 19646 | Slime:5  | Found the +3 greatsling "Punk" {acid, rCorr}
 19648 | Slime:5  | Noticed an acid blob
 19674 | Slime:5  | Noticed a quicksilver ooze
 19675 | Slime:5  | Noticed an acid blob
 19685 | Slime:5  | Noticed an acid blob
 19703 | Slime:4  | Noticed an acid blob
 19934 | D:10     | Entered Level 10 of the Dungeon
 20048 | D:10     | Noticed Erica
 20056 | D:10     | Killed Erica
 20185 | D:10     | Found a broken altar of Ashenzari.
 20225 | D:10     | Found a sparkling altar of Nemelex Xobeh.
 20482 | D:11     | Reached * piety under Jiyva
 20647 | D:11     | Reached ** piety under Jiyva
 20744 | D:11     | Identified the +4 quarterstaff "Bung" {venom, *Corrode
                  | rElec rN+ MP+9}
 20750 | D:11     | Found a staircase to the Orcish Mines.
 20758 | D:11     | Found a transporter.
 20760 | D:11     | Found a transporter.
 20798 | D:11     | Noticed Adrian566's ghost (journeyman DsGl)
 21331 | D:11     | You are sucked into a shaft and drop 1 floor!
 21572 | Orc:1    | Entered Level 1 of the Orcish Mines
 21573 | Orc:1    | Reached *** piety under Jiyva
 21697 | Orc:2    | Entered Level 2 of the Orcish Mines
 21747 | Orc:2    | Noticed an orc warlord
 21884 | Orc:1    | Lost mutation: Your magical capacity is low. (-10% MP)
                  | [Jiyva's grace]
 21884 | Orc:1    | Lost mutation: Your spells are a little easier to cast, but
                  | a little less powerful. [Jiyva's grace]
 21884 | Orc:1    | Gained mutation: You have a pair of small horns on your
                  | head. [Jiyva's grace]
 21884 | Orc:1    | Gained mutation: You have a pair of horns on your head.
                  | [Jiyva's grace]
 21884 | Orc:1    | Gained mutation: You have a pair of large horns on your
                  | head. [Jiyva's grace]
 21884 | Orc:1    | Gained mutation: You have a small jelly attached to you
                  | that may absorb projectiles. [Jiyva's grace]
 21930 | Orc:2    | Found Zunk's Antique Armour Boutique.
 21932 | Orc:2    | Found Noaqib's Jewellery Emporium.
 21949 | Orc:2    | Found Alocla Daca's General Store.
 21960 | Orc:2    | Bought a potion of might for 48 gold pieces
 22000 | Orc:2    | Paralysed by an orc sorcerer for 2 turns
 22026 | Orc:2    | Found Pacec's Magic Scroll Emporium.
 22026 | Orc:2    | Reached **** piety under Jiyva
 22059 | Orc:2    | Noticed an orc warlord
 22073 | Orc:2    | Killed an orc warlord
 22091 | Orc:2    | Bought a scroll of identify for 24 gold pieces
 22091 | Orc:2    | Bought a scroll of identify for 24 gold pieces
 22091 | Orc:2    | Bought a scroll of identify for 24 gold pieces
 22091 | Orc:2    | Bought a scroll of enchant weapon for 90 gold pieces
 22172 | Orc:2    | Found Gouleb's Antique Weapon Emporium.
 22305 | Orc:2    | Found Virotuwigi's Antique Armour Shop.
 22314 | Orc:2    | Reached XP level 15. HP: 90/96 MP: 5/15
 22359 | Orc:2    | Noticed Urug
 22376 | Orc:2    | Killed Urug
 22377 | Orc:2    | Reached skill level 18 in Axes
 22402 | Orc:2    | Found Ninudyz's Jewellery Emporium.
 22410 | Orc:2    | Bought the amulet of Kuwiz {Reflect +Blink Str+8 SH+5} for
                  | 912 gold pieces
 22504 | Orc:2    | Found a staircase to the Elven Halls.
 22593 | Orc:2    | Found Miun's General Store.
 22786 | Orc:2    | Found Xiek's Magic Scroll Boutique.
 22794 | Orc:2    | Bought a scroll of brand weapon for 133 gold pieces
 22794 | Orc:2    | Bought a scroll of enchant armour for 105 gold pieces
 22841 | Elf:1    | Entered Level 1 of the Elven Halls
 22892 | Elf:1    | Paralysed by an air elemental for 1 turns
 22896 | Elf:1    | Paralysed by an air elemental for 1 turns
 22987 | Elf:1    | Paralysed by an air elemental for 1 turns
 23136 | Elf:1    | Reached skill level 10 in Shields
 23202 | Elf:1    | Found Qeiziximp's Jewellery Shop.
 23514 | Elf:1    | Reached ***** piety under Jiyva
 23883 | Elf:2    | Gained mutation: You have an increased reservoir of magic.
                  | (+10% MP) [Jiyva's grace]
 23883 | Elf:2    | Gained mutation: You have a considerably increased
                  | reservoir of magic. (+20% MP) [Jiyva's grace]
 23883 | Elf:2    | Gained mutation: You have a greatly increased reservoir of
                  | magic. (+30% MP) [Jiyva's grace]
 23883 | Elf:2    | Gained mutation: Your body has grown eyes which may confuse
                  | attackers. (Acc +3) [Jiyva's grace]
 24225 | Elf:2    | Found a runed translucent gate.
 24225 | Elf:2    | Found a runed translucent gate.
 24226 | Elf:2    | Found a runed translucent gate.
 24404 | Elf:2    | Noticed a deep elf blademaster
 24424 | Elf:2    | HP: 4/97 [+2 trident of venom (7)]
 24424 | Elf:2    | Mangled by a +2 trident of venom

Illustrated notes

Levels and vault maps discovered:
D:1:      arrival_zaba_pyramid, layout_loops_ring, minmay_misc_feat_enclosed
D:2:      layout_basic
D:3:      layout_loops_ring, xom_teletrap_fun, nicolae_overflow_crystal_walls,
          nicolae_concentric_dashed_squares_mild, uniq_crazy_yiuf_cottage
D:4:      layout_cave_pools, old_standard_altar, mainiacjoe_overflow_chevrons,
          led_sif_pool, mainiacjoe_overflow_small_starburst, serial_forest,
          infiniplex_forest_straight_2, infiniplex_forest_end_3,
          infiniplex_forest_lined_room_2, infiniplex_forest_clump_long,
          infiniplex_forest_clump_C, infiniplex_forest_clump_curved,
          infiniplex_forest_join, infiniplex_forest_clump_long,
          infiniplex_forest_lined_room_2, gammafunk_ghost_necromancy,
          serial_shops, shop, uniq_pargi
D:5:      layout_loops_ring, beargit_hepliaklqana_dungeon_heroes,
          mainiacjoe_overflow_alcove_2
D:6:      layout_loops_cross, pf_just_have_faith, amcnicky_altar_gilded,
          minmay_temple_entry_gardened_gates, amcnicky_mini_pool_small,
          kennysheep_generic_room_13
D:7:      layout_cave_pools, ebering_ghost_disaster_area, minmay_holes,
          uniq_pikel
D:8:      layout_basic, gammafunk_temple_overflow_pools, minmay_between
D:9:      minmay_the_grid_triangle_9x9_rhombus_thin_mashed
          [minmay_the_grid_triangle_9x9_negative_grid,
          minmay_the_grid_triangle_9x9_prize_top_heavy,
          minmay_the_grid_triangle_9x9_skeleton,
          minmay_the_grid_triangle_9x9_shrine], layout_loops_cross,
          cheibriados_altar_1
D:10:     layout_roguey, mainiacjoe_overflow_catch_the_wave, uniq_erica
D:11:     minmay_sliced_demisemicircle, layout_long_grid, orc_0_dummy,
          gammafunk_ghost_hive, serial_park_tiny_pond
D:12:     layout_cave_pools, hangedman_stone_soup, minmay_quadrilaterals
Temple:   nicolae_temple_superstar
Lair:1:   layout_gridlike, gammafunk_lair_bear_cave, grunt_megastairs_2
Lair:2:   layout_regular_city, skrybe_swamp_entry_bodies, st_stairs_8,
          serial_bayou_lagoon_b, uniq_amaemon
Lair:3:   layout_cave_pods, hellmonk_spider_entry_life_and_decay
Lair:4:   layout_cave_pods
Lair:5:   minmay_lair_end_enchanted_forest, layout_gridlike, slime_entry_2,
          ice2_lemuel, serial_bayou_shore_b, infiniplex_staircase_pool_2,
          serial_bayou_shore_b
Slime:1:  layout_caves
Slime:2:  layout_caves
Slime:3:  layout_caves, cheibrodos_slime_lost_civilization_4
Slime:4:  layout_caves
Slime:5
Orc:1:    layout_diamond_mine, basic_altar
Orc:2:    grunt_orc_gardens, layout_caves, grunt_orc_garden, grunt_orc_garden,
          grunt_orc_garden, grunt_orc_garden, basic_altar, serial_shops, shop,
          nicolae_shop_stone, shop, nicolae_lakefront_shop, nicolae_shop_trees,
          rock_pile, uniq_urug
Elf:1:    eino_elf_arrival_sip, layout_geoelf_diagonals, serial_shops,
          nicolae_shop_advertising_works [nicolae_subvault_shop_adworks],
          minivault_28
Elf:2:    nicolae_elf_blades_splatter_lattice [nooodl_blade_entry_preview],
          layout_rooms, nrook_uturn

Skill      XL: |  1  2  3  4  5  6  7  8  9 10 11 12 13 14 15 |
---------------+----------------------------------------------+-----
Axes           | 1 2 3 4 6 8 10 11 13 15 16 17 18 | 18.7
Armour         | 4 5 6 8 9 10 11 12 13 | 13.0
Fighting       | 4 5 6 7 8 10 11 12 | 12.8
Shields        | 4 5 6 8 9 10 | 10.8
Dodging        | 1 2 |  2.3
Stealth        | 1 3 |  3.2
Maces & Flails | |  2.3

Action                   |  1- 3 |  4- 6 |  7- 9 | 10-12 | 13-15 || total
-------------------------+-------+-------+-------+-------+-------++-------
Melee: Flail             |    35 |       |       |       |       ||    35
       War axe           |    24 |    88 |   202 |   599 |   648 ||  1561
       Broad axe         |       |       |       |       |   543 ||   543
       Headbutt          |       |       |       |       |    74 ||    74
  Use: Scroll            |       |     8 |     6 |    12 |    11 ||    37
       Potion            |       |     6 |     2 |    11 |     5 ||    24
 Stab: Distracted        |       |       |       |     1 |       ||     1
       Petrified         |       |       |       |       |    19 ||    19
       Petrifying        |       |       |       |       |     3 ||     3
Armor: Scale mail        |    22 |    71 |     2 |       |       ||    95
       Plate armour      |       |       |   163 |   566 |   697 ||  1426
Dodge: Dodged            |    29 |    39 |    61 |   210 |   291 ||   630
Block: Buckler           |     6 |    18 |    47 |   164 |    24 ||   259
       Kite shield       |       |       |       |       |   530 ||   530
       Reflection        |       |       |       |       |    19 ||    19

Table legend: (Time is in decaauts)
 A = Elapsed time spent in this place.
 B = Non-inter-level travel time spent in this place.
 C = Inter-level travel time spent in this place.
 D = Time resting spent in this place.
 E = Time spent auto-exploring this place.
 F = Levels seen in this place.
 G = Mean time per level.
                   A        B        C        D        E       F      G
               +--------+--------+--------+--------+--------+-----+--------+
         Total |  24232 |  23114 |   1118 |   1420 |  17448 |  27 |  897.5 |
       Dungeon |  11632 |  10982 |    650 |    305 |   8959 |  12 |  969.3 |
        Temple |    277 |    269 |      8 |      0 |    222 |   1 |  277.0 |
          Lair |   9186 |   8885 |    301 |   1115 |   6230 |   5 | 1837.2 |
    Slime Pits |    359 |    286 |     73 |      0 |    226 |   5 |   71.8 |
  Orcish Mines |   1213 |   1144 |     69 |      0 |    776 |   2 |  606.5 |
   Elven Halls |   1562 |   1545 |     17 |      0 |   1034 |   2 |  781.0 |
               +--------+--------+--------+--------+--------+-----+--------+

Top non-repeatable levels by time:
  Lair:1: 2624 daAuts
  Lair:5: 2210 daAuts
  Lair:4: 1920 daAuts
     D:9: 1752 daAuts
     D:8: 1427 daAuts
  Lair:2: 1394 daAuts
     D:6: 1356 daAuts
    D:11: 1074 daAuts
     D:4: 1050 daAuts
  Lair:3: 1036 daAuts
     D:2: 1026 daAuts
   Orc:2: 980 daAuts
     D:7: 889 daAuts
     D:1: 884 daAuts
   Elf:1: 883 daAuts
